Map: Dusk Towers

Players

Limbic

  • Race: Protoss Protoss
  • League: Diamond

llllllllllll - Winner!

  • Race: Protoss Protoss

Event: Gauntlet LotV Series 1 Qualifier 1

VOD

Have the link to the VOD?

Description

Time

  • Played on: Nov. 22, 2015, 4:02 p.m.
  • Length: 3:13

All games in this series

Show
View Real Time Build Order
Export as new Build Order

Limbic Protoss 

Build Orders:  

Get SALT Encoding   

  12  0:01  Probe (Chrono Boost)  
  13  0:11  Probe (Chrono Boost)  
  14  0:18  Pylon  
  14  0:22  Probe (Chrono Boost)  
  15  0:36  Probe (Chrono Boost)  
  15  0:37  Gateway  
  15  0:42  Assimilator  
  16  0:50  Assimilator  
  16  0:51  Probe (Chrono Boost)  
  17  1:02  Probe (Chrono Boost)  
  17  1:03  Pylon  
  18  1:12  Probe (Chrono Boost)  
  19  1:23  Probe (Chrono Boost)  
  19  1:25  Cybernetics Core  
  20  1:34  Probe (Chrono Boost)  
  21  1:44  Probe (Chrono Boost)  
  22  1:55  Probe (Chrono Boost)  
  23  2:02  Adept  
  23  2:06  Mothership Core (Chrono Boost)  
  27  2:16  Nexus  
  27  2:20  Pylon  
  27  2:24  Probe (Chrono Boost)  
  28  2:37  Probe (Chrono Boost)  
  28  2:42  Adept  
  31  2:49  Gateway  
Show
View Real Time Build Order
Export as new Build Order

llllllllllll Protoss - Winner!

Build Orders:  

Get SALT Encoding   

  12  0:01  Probe (Chrono Boost)  
  14  0:14  Probe (Chrono Boost)  
  14  0:24  Probe (Chrono Boost)  
  15  0:40  Pylon  
  15  0:58  Gateway, Probe (Chrono Boost)  
  15  1:00  Gateway  
  15  1:02  Assimilator  
  16  1:09  Probe (Chrono Boost)  
  16  1:11  Gateway  
  17  1:19  Probe (Chrono Boost)  
  17  1:20  Pylon  
  18  1:30  Probe (Chrono Boost)  
  19  1:40  Probe (Chrono Boost)  
  19  1:45  Cybernetics Core  
  20  1:50  Zealot (Chrono Boost)  
  20  1:53  Zealot (Chrono Boost)  
  24  2:04  Pylon  
  28  2:23  Stalker (Chrono Boost)  
  28  2:25  Stalker (Chrono Boost)  
  28  2:29  Stalker (Chrono Boost)  
  28  3:05  Pylon  
Tags
 
Add a new tag
Caveats
  • Supply blocks, unpowered buildings, or Contaminate may cause inaccurate times.
  • Supply counts are checked every 10 seconds.